 Dungeon Crawl Stone Soup version 0.19.5 (webtiles) character file.

3956 Gargoyl the Covered (level 10, -12/84 HPs)
             Began as a Ghoul Abyssal Knight on May 5, 2017.
             Was an Elder of Lugonu.
             Mangled by nocturnal's ghost (19 damage)
             ... on level 8 of the Dungeon.
             The game lasted 00:24:41 (11461 turns).

Gargoyl the Covered (Ghoul Abyssal Knight)         Turns: 11461, Time: 00:24:42

Health: -12/84     AC: 15    Str: 17    XL:     10   Next: 21%
Magic:  13/13      EV:  4    Int:  7    God:    Lugonu [****..]
Gold:   357        SH: 12    Dex: 14    Spells: 0 memorised, 9 levels left

rFire  . . .     SeeInvis .     a - +2 hand axe
rCold  + . .     Gourm    .     b - +0 plate armour
rNeg   + + +     Faith    .     d - +2 shield {reflect}
rPois  ∞         Spirit   .     e - +0 helmet
rElec  .         Reflect  +     (no cloak)
rCorr  .         Harm     .     l - +0 pair of gloves
MR     +....                    (no boots)
Stlth  ..........               (no amulet)
                                v - +3 ring of dexterity
                                t - ring of protection from magic

@: rotting
A: rotting body, claws 1, carnivore 3, cold resistance 1, negative energy
resistance 3, slow regeneration 1, torment resistance, unbreathing
a: Depart the Abyss, Bend Space, Banish, Corrupt, Renounce Religion


You were on level 8 of the Dungeon.
You worshipped Lugonu.
Lugonu was greatly pleased with you.
You were not hungry.

You visited 1 branch of the dungeon, and saw 8 of its levels.
You visited the Abyss 1 time.

You collected 357 gold pieces.

Inventory:

Hand Weapons
 a - a +2 hand axe (weapon)
 E - a +0 war axe
Missiles
 s - 10 tomahawks (quivered)
Armour
 b - a +0 plate armour (worn)
 d - a +2 shield of reflection (worn)
 e - a +0 helmet (worn)
 l - a +0 pair of gloves (worn)
Jewellery
 j - an uncursed ring of flight
 p - an uncursed ring of stealth
 q - an uncursed ring of protection from magic
 t - a ring of protection from magic (left hand)
 v - a +3 ring of dexterity (right hand)
Wands
 g - a wand of digging (14/24)
 m - a wand of random effects (27/48)
 n - a wand of acid (2/15)
 r - a wand of acid (7/15)
 A - a wand of acid (11/15)
Scrolls
 f - 2 scrolls of remove curse
 h - 6 scrolls of identify
 x - a scroll of enchant armour
 y - a scroll of teleportation
 z - a scroll of fear
Potions
 k - 3 potions of agility
 o - a potion of flight
 C - a potion of magic {unknown}
Books
 B - a book of Necromancy

   Spells                             Type                      Level
   a - Pain                           Necromancy                   1
   b - Animate Skeleton               Necromancy                   1
   c - Vampiric Draining              Necromancy                   3
   d - Regeneration                   Charms/Necromancy            3
   e - Animate Dead                   Necromancy                   4
   f - Control Undead                 Necromancy                   4
 F - a book of Geomancy

   Spells                             Type                      Level
   a - Sandblast                      Earth                        1
   b - Passwall                       Transmutation/Earth          2
   c - Stone Arrow                    Conjuration/Earth            3
   d - Petrify                        Transmutation/Earth          4
   e - Lee's Rapid Deconstruction     Earth                        5
Comestibles
 c - 3 meat rations
 i - 4 beef jerkies
 u - a royal jelly
 w - 2 slices of pizza


   Skills:
 + Level 6.3 Fighting
 + Level 6.6 Axes
 + Level 0.1 Throwing
 * Level 7.1 Armour
 + Level 2.2 Dodging
 + Level 5.5 Shields
 * Level 6.5 Invocations


You had 9 spell levels left.
You didn't know any spells.

Dungeon Overview and Level Annotations

Branches:
Dungeon (8/15)             Temple (0/1) D:5
   Lair: D:8-11

Altars:
Ashenzari
Cheibriados
Gozag
Hepliaklqana
Makhleb
Nemelex Xobeh
Trog
Vehumet
Xom
Yredelemnul
Zin
The Shining One

Annotations:
D:8 nocturnal's ghost, novice TeAE
Abyss:1 Eustachio


Innate Abilities, Weirdness & Mutations

Your body is rotting away.
You thrive on raw meat.
You are immune to poison.
You have sharp fingernails.
You are carnivorous and can eat meat at any time.
Your flesh is cold resistant. (rC+)
You are immune to negative energy. (rN+++)
You regenerate slowly when monsters are visible.
You are immune to unholy pain and torment.
You can survive without breathing.


Message History

You see here a hand axe.
You closely miss nocturnal's ghost.
You hit the orc priest but do no damage.
You completely miss the orc wizard.
Nocturnal's ghost hits you but does no damage.
You are electrocuted!
* * * LOW HITPOINT WARNING * * *
You block the orc wizard's attack. You block the orc priest's attack.
Your shield and plate armour prevent you from hitting nocturnal's ghost.
You hit the orc wizard but do no damage.
You hit the orc priest. Nocturnal's ghost hits you!
* * * LOW HITPOINT WARNING * * *
You are electrocuted!
* * * LOW HITPOINT WARNING * * *
The orc wizard hits you but does no damage.
The orc priest hits you but does no damage.
You feel better.
Nocturnal's ghost hits you but does no damage.
You are electrocuted!
You die...

#..._..###..# #########
###.....†# ##.#
...oh...#####........# #.#
#######.......#####..# #^# #
####l.### #.### #..
########.^..# #...# ##.
.........#..#########.# #.
...............oo[###.#####.
#############..W@)<..........
# #########.....### #####.# #


You could see an orc priest, an orc wizard and nocturnal's ghost.

Vanquished Creatures
  Pikel (D:7)
  A hungry ghost (D:8)
  A water moccasin (D:8)
  Duvessa (D:5)
  A black bear (D:7)
  4 slaves (D:7)
  An orc warrior (D:7)
  2 phantoms
  A necrophage (D:6)
  An ice beast (D:8)
  5 ogres
  3 centaurs
  A bullfrog (D:7)
  Dowan (D:5)
  A wyvern zombie (D:6)
  A howler monkey (D:6)
  5 crimson imps
  A bullfrog zombie (D:6)
  2 centaur zombies
  A quasit (D:6)
  A jelly (D:7)
  A bullfrog skeleton (D:7)
  A centaur skeleton (D:7)
  3 hounds
  4 orc priests
  5 orc wizards
  A gnoll shaman (D:5)
  An iguana (D:4)
  Ijyb (D:3)
  6 worker ants
  3 hound skeletons
  4 gnolls (D:5)
  A howler monkey skeleton (D:5)
  4 adders
  2 shadow imps
  An adder zombie (D:7)
  An ooze (D:3)
  An adder skeleton (D:6)
  4 dart slugs
  6 leopard geckos
  26 orcs
  3 ball pythons
  3 giant cockroaches
  9 goblins
  11 hobgoblins
  19 jackals
  7 quokkas
  6 bats
  3 frilled lizards
  6 kobolds
  A leopard gecko skeleton (D:7)
  A leopard gecko zombie (D:5)
  A quokka skeleton (D:7)
  A quokka zombie (D:8)
  11 rats
194 creatures vanquished.

Vanquished Creatures (others)
  Joseph (D:8)
  A crimson imp (D:7)
  A leopard gecko (D:6)
  2 orcs (D:6)
5 creatures vanquished.

Grand Total: 199 creatures vanquished

Notes
Turn   | Place    | Note
-------+----------+-------------------------------------------
     0 | Abyss:1  | Gargoyl the Ghoul Abyssal Knight began the quest for the Orb.
     0 | Abyss:1  | Reached XP level 1. HP: 19/19 MP: 1/1
    85 | Abyss:1  | Noticed a small abomination
    86 | D:1      | Escaped the Abyss
   222 | D:1      | Reached skill level 2 in Armour
   222 | D:1      | Reached XP level 2. HP: 26/26 MP: 2/2
   367 | D:1      | Reached * piety under Lugonu
   532 | D:1      | Reached XP level 3. HP: 33/33 MP: 3/3
   923 | D:2      | Found a glowing silver altar of Zin.
   923 | D:2      | Found a basalt altar of Yredelemnul.
   923 | D:2      | Found a hazy altar of Hepliaklqana.
   984 | D:2      | Reached skill level 1 in Dodging
  1350 | D:2      | Reached XP level 4. HP: 39/40 MP: 4/4
  1807 | D:3      | Reached skill level 1 in Shields
  1833 | D:3      | Found a snail-covered altar of Cheibriados.
  2009 | D:3      | Noticed Ijyb
  2047 | D:3      | Killed Ijyb
  2126 | D:3      | Found a shattered altar of Ashenzari.
  2136 | D:3      | Reached ** piety under Lugonu
  2154 | D:3      | Reached XP level 5. HP: 41/46 MP: 6/6
  2341 | D:3      | Found a faded altar of an unknown god.
  2341 | D:3      | Found a sparkling altar of Nemelex Xobeh.
  2346 | D:3      | Found a faded altar of an unknown god.
  2348 | D:3      | Found a faded altar of an unknown god.
  2349 | D:3      | Found a faded altar of an unknown god.
  2764 | D:4      | Reached skill level 3 in Armour
  3003 | D:4      | Noticed an ogre
  3014 | D:4      | Killed an ogre
  3014 | D:4      | Reached XP level 6. HP: 12/52 MP: 7/7
  4706 | D:5      | Entered Level 5 of the Dungeon
  5326 | D:5      | Noticed Duvessa
  5326 | D:5      | Noticed Dowan
  5346 | D:5      | Killed Duvessa
  5346 | D:5      | Reached XP level 7. HP: 26/60 MP: 8/8
  5360 | D:5      | Killed Dowan
  5689 | D:5      | Reached *** piety under Lugonu
  5702 | D:5      | Reached skill level 4 in Armour
  5797 | D:5      | Found a glowing golden altar of the Shining One.
  6049 | D:5      | Reached XP level 8. HP: 39/67 MP: 10/10
  6283 | D:5      | Found a staircase to the Ecumenical Temple.
  6613 | D:5      | Noticed Eustachio
  6801 | D:5      | Banished Eustachio
  6801 | D:5      | Reached skill level 5 in Fighting
  7309 | D:6      | Found a shimmering altar of Xom.
  7328 | D:6      | Reached skill level 5 in Armour
  7840 | D:6      | Reached skill level 5 in Invocations
  7967 | D:6      | Reached XP level 9. HP: 71/74 MP: 11/11
  7991 | D:6      | Found an opulent altar of Gozag.
  8035 | D:6      | Found a bloodstained altar of Trog.
  8304 | D:6      | Reached skill level 5 in Axes
  8789 | D:7      | Reached **** piety under Lugonu
  9768 | D:7      | Reached skill level 6 in Armour
 10250 | D:8      | Noticed Pikel
 10499 | D:7      | Killed Pikel
 10514 | D:8      | Reached skill level 5 in Shields
 10576 | D:8      | Found a burning altar of Makhleb.
 10638 | D:8      | Found a radiant altar of Vehumet.
 10649 | D:8      | Noticed Joseph
 10662 | D:8      | Killed Joseph
 10662 | D:8      | Reached XP level 10. HP: 21/83 MP: 13/13
 10857 | D:8      | Reached skill level 7 in Armour
 11053 | D:8      | Noticed nocturnal's ghost (novice TeAE)
 11460 | D:8      | HP: 2/84 [nocturnal's ghost (9)]
 11461 | D:8      | Mangled by nocturnal's ghost

Skill      XL: |  1  2  3  4  5  6  7  8  9 10 |
---------------+-------------------------------+-----
Armour         | 2 3 4 5 6 7 |  7.1
Dodging        | 1 2 |  2.2
Axes           | 2 3 4 6 |  6.6
Shields        | 1 2 3 5 |  5.5
Fighting       | 4 5 6 |  6.3
Invocations    | 3 4 5 6 |  6.5
Throwing       | |  0.1

Action                   |  1- 3 |  4- 6 |  7- 9 | 10-12 || total
-------------------------+-------+-------+-------+-------++-------
Melee: Hand axe          |   105 |   316 |   944 |   104 ||  1469
Throw: Tomahawk          |       |     2 |     1 |       ||     3
Invok: Depart the Abyss  |     1 |       |       |       ||     1
       Bend Space        |       |     1 |     1 |       ||     2
       Banish            |       |       |     2 |       ||     2
Evoke: Wand              |       |       |     1 |       ||     1
  Use: Scroll            |     4 |     9 |     2 |       ||    15
       Potion            |       |     6 |     2 |     1 ||     9
  Eat: Chunk             |    12 |    29 |    52 |    11 ||   104
Armor: Ring mail         |    78 |    69 |       |       ||   147
       Plate armour      |       |    88 |   687 |    81 ||   856
       Chain mail        |       |    24 |       |       ||    24
Dodge: Dodged            |    45 |    95 |   114 |    18 ||   272
Block: Shield            |    61 |   215 |   579 |    90 ||   945
       Reflection        |     2 |     4 |    23 |       ||    29
